 Dungeon Crawl Stone Soup version 0.20-a0-317-gc038824 (webtiles) character file.

1004900 Herrn the Petrodigitator (level 27, -4/371 HPs)
             Began as a Naga Monk on Dec 19, 2016.
             Was the Champion of Vehumet.
             Killed by divine providence
             ... invoked by a balrug
              (14 damage)
             ... on level 26 of a ziggurat on Dec 21, 2016.
             The game lasted 05:58:32 (91733 turns).

Herrn the Petrodigitator (Naga Monk)               Turns: 91733, Time: 05:58:33

Health: -4/371     AC: 37    Str: 19    XL:     27
Magic:  41/55      EV: 15    Int: 41    God:    Vehumet [******]
Gold:   8432       SH: 33    Dex: 14    Spells: 2/63 levels left

rFire  + + .     SeeInvis +     V - +9 broad axe (elec)
rCold  + . .     Gourm    .     (armour currently unavailable)
rNeg   + + +     Faith    .     z - +18 shield of the Gong {rElec rN+ MR+ EV-5}
rPois  ∞         Spirit   .     t - +3 hat of Pondering {ponderous, MR+ MP+10 Int+5}
rElec  +         Reflect  .     Q - +0 cloak of Valiance {Int+7 SInv}
rCorr  .         Harm     .     (gloves currently unavailable)
MR     +++++     Clarity  +     (no barding)
Stlth  ++........               g - amulet of the City {rF+ rC+ Regen+ Dex+3}
                                l - ring "Fajuov" {rF+ Str+5 Int+5 SInv}
                                F - ring of Fiof {rN+ Int+2 SInv}

@: statue-form, weakened, sap magic, very slightly contaminated, studying 3
skills, extremely magic sapped, very slow
A: see invisible, clarity, clumsy 2, deformed body, poison resistance, (slowness
0), slow metabolism 1, spit poison 1, MP-powered wands, constrict 1, AC +9
}: 6/15 runes: decaying, slimy, silver, golden, abyssal, gossamer
a: Spit Poison, End Transformation, Renounce Religion


You were on level 26 of a ziggurat.
You worshipped Vehumet.
Vehumet was exalted by your worship.
You were full.
You were a stone statue.
You visited 13 branches of the dungeon, and saw 61 of its levels.
You visited the Abyss 1 time.
You visited 1 ziggurat, and saw 26 of its levels.
You also visited: Labyrinth and Desolation.

You collected 13418 gold pieces.
You spent 1458 gold pieces at shops.
You donated 3528 gold pieces to Zin.

Inventory:

Hand Weapons
 w - a +9 broad axe of flaming
 L - a +9 broad axe of draining
 V - a +9 broad axe of electrocution (weapon)
Armour
 j - the +1 faerie dragon scales (melded) {rElec MR++ rCorr}
   (You took it off the Enchantress on level 5 of the Depths)

   It insulates you from electricity.
   It affects your resistance to hostile enchantments.
   It protects you from acid and corrosion.
 t - the +3 hat of Pondering (worn) {ponderous, MR+ MP+10 Int+5}
   (You took it off Gastronok on level 1 of the Lair of Beasts)

   It affects your intelligence (+5).
   It affects your resistance to hostile enchantments.
   It affects your magic capacity (+10).
 z - the +18 shield of the Gong (worn) {rElec rN+ MR+ EV-5}
   (You found it on level 21 of a ziggurat)

   It affects your evasion (-5).
   It insulates you from electricity.
   It protects you from negative energy.
   It affects your resistance to hostile enchantments.
 K - the +1 pair of gloves of the Orb Guardian (melded) {rN+ Str+4 Int+4}
   (Okawaru gifted it to you on level 4 of the Lair of Beasts)

   It affects your strength (+4).
   It affects your intelligence (+4).
   It protects you from negative energy.
 P - the cursed +1 troll leather armour of Cigait {rC+ MR+ Regen+ Int+4 Dex+2}
   (You took it off an ironheart preserver on level 5 of the Vaults)

   It affects your intelligence (+4).
   It affects your dexterity (+2).
   It protects you from cold.
   It affects your resistance to hostile enchantments.
   It increases your rate of regeneration.
   It has a curse placed upon it.
 Q - the +0 cloak of Valiance (worn) {Int+7 SInv}
   (You found it on level 20 of a ziggurat)

   It affects your intelligence (+7).
   It lets you see invisible.
 U - a +4 naga barding of cold resistance (melded)
Jewellery
 g - the amulet of the City (around neck) {rF+ rC+ Regen+ Dex+3}
   (You found it on level 7 of a ziggurat)

   [amulet of regeneration]

   It affects your dexterity (+3).
   It protects you from fire.
   It protects you from cold.
   It increases your rate of regeneration.
 l - the ring "Fajuov" (right hand) {rF+ Str+5 Int+5 SInv}
   (You found it in the Desolation of Salt)

   [ring of strength]

   It affects your strength (+5).
   It affects your intelligence (+5).
   It protects you from fire.
   It lets you see invisible.
 y - the brooch of Shielding {Reflect SH+8}
   (You took it off a minotaur in a labyrinth)

   [amulet of reflection]

   It shields you and reflects attacks.
   It affects your SH (+8).
 F - the ring of Fiof (left hand) {rN+ Int+2 SInv}
   (You found it on level 4 of the Spider Nest)

   [ring of positive energy]

   It affects your intelligence (+2).
   It protects you from negative energy.
   It lets you see invisible.
 H - the ring of Finypacla {rPois rC+ Int+9 Dex-2 Stlth+}
   (You found it on level 3 of the Tomb of the Ancients)

   [ring of stealth]

   It affects your intelligence (+9).
   It affects your dexterity (-2).
   It protects you from cold.
   It protects you from poison.
   It makes you more stealthy.
 N - the amulet "Wuycwaam" {*Contam rN+ Regen+ Int+4}
   (You took it off a vault sentinel on level 5 of the Vaults)

   [amulet of regeneration]

   It affects your intelligence (+4).
   It protects you from negative energy.
   It causes magical contamination when unequipped.
   It increases your rate of regeneration.
 R - the ring of Kyoskusa {rElec rC+ Str+4}
   (You found it in the Desolation of Salt)

   [ring of strength]

   It affects your strength (+4).
   It protects you from cold.
   It insulates you from electricity.
 T - the ring of Tauchep {rF+ rC++ SInv}
   (You found it on level 16 of a ziggurat)

   [ring of see invisible]

   It protects you from fire.
   It greatly protects you from cold.
   It lets you see invisible.
Wands
 X - a wand of teleportation (3/9)
 Z - a wand of hasting (6/9)
Scrolls
 a - 8 scrolls of blinking
 e - 37 scrolls of remove curse
 h - 22 scrolls of teleportation
 n - 10 scrolls of magic mapping
 o - 23 scrolls of recharging
 u - 17 scrolls of amnesia
 v - 8 scrolls of immolation
 x - a scroll of summoning
 C - 18 scrolls of fog
 O - a scroll of holy word
Potions
 d - 9 potions of flight
 f - 23 potions of curing
 k - 4 potions of magic
 p - 6 potions of invisibility
 r - 7 potions of haste
 s - 3 potions of might
 B - 4 potions of cure mutation
 S - 5 potions of resistance
 Y - 2 potions of agility
Books
 A - a manual of Hexes
 D - the Tome of Execration
   (You found it on level 22 of a ziggurat)

   Spells                             Type                      Level
   a - Confusing Touch                Hexes                        1
   b - Silence                        Hexes/Air                    5
   c - Invisibility                   Hexes                        6
   d - Discord                        Hexes                        8
 E - a manual of Summonings
 I - a manual of Armour
Miscellaneous
 G - a disc of storms
Comestibles
 c - 15 bread rations
 q - 26 royal jellies
 M - 21 fruits
 W - 21 meat rations


   Skills:
 - Level 24.3 Fighting
 - Level 18.2 Axes
 - Level 13.0 Armour
 - Level 17.1 Dodging
 - Level 3.0 Stealth
 - Level 18.0 Shields
 - Level 18.5 Spellcasting
 * Level 15.0 Conjurations
 - Level 6.0 Summonings
 - Level 6.1 Necromancy
 - Level 5.0 Transmutations
 * Level 10.4 Ice Magic
 O Level 27 Air Magic
 O Level 27 Earth Magic
   Level 1.5 Invocations
 - Level 9.0 Evocations


You had 2 spell levels left.
You knew the following spells:

 Your Spells              Type           Power        Failure   Level  Hunger
a - Shatter               Erth           ########..   17%         9    #####..
b - Tornado               Air            ########..   17%         9    #####..
c - Bolt of Draining      Conj/Necr      #######...   11%         5    None
d - Sublimation of Blood  Necr           ######....   32%         2    None
e - Statue Form           Tmut/Erth      ########.    36%         6    None
f - Aura of Abjuration    Summ           ######....   50%         5    None
g - Summon Butterflies    Summ           ######..     28%         1    None
h - Regeneration          Chrm/Necr      ######....   45%         3    None
i - Death Channel         Necr           ######....   82%         6    None
j - Deflect Missiles      Chrm/Air       #######...   41%         6    None
k - Glaciate              Conj/Ice       #######...   99%         9    #####..


Dungeon Overview and Level Annotations

Branches:
Dungeon (15/15)            Temple (1/1) D:4            Lair (6/6) D:10
  Swamp (4/4) Lair:3       Spider (4/4) Lair:2        Slime (5/5) Lair:5
    Orc (2/2) D:9             Elf (3/3) Orc:2        Vaults (5/5) D:13
  Crypt (3/3) Vaults:3       Tomb (3/3) Crypt:3      Depths (5/5) D:15
    Zot (5/5) Depths:5

Altars:
Ashenzari
Cheibriados
Dithmenos
Elyvilon
Fedhas
Gozag
Hepliaklqana
Kikubaaqudgha
Makhleb
Nemelex Xobeh
Okawaru
Qazlal
Ru
Sif Muna
Trog
Uskayaw
Vehumet
Xom
Yredelemnul
Zin
The Shining One
Beogh
Jiyva

Shops:
D:5 }   D:9 ([:(   D:15 *   Orc:2 (*([   Elf:1 =}!   Elf:3 *   Vaults:1 *
Vaults:2 *=}   Vaults:3 [   Zot:3 *

Portals:
Hell: Depths:1 Depths:2 Depths:3 Depths:4 Depths:5
Abyss: Depths:2 Depths:4
Pandemonium: Depths:3 Depths:4
Ziggurat: Depths:1


Innate Abilities, Weirdness & Mutations

You cannot wear boots.
((Your serpentine skin is tough. (AC +9)))
You have supernaturally acute eyesight. (SInv)
Armour fits poorly on your strangely shaped body.
Your system is resistant to poisons. (rPois)
((You cover ground very slowly.))
You have a slow metabolism.
You can spit poison.
You can use your snake-like lower body to constrict enemies.
You possess an exceptional clarity of mind.
You are very clumsy. (Dex -4)
You expend magic power (3 MP) to strengthen your wands.


Message History

Unknown command.
Unknown command.
Okay, then.
You feel better.
The Executioner gestures.
The monstrous demonspawn hits you.
* * * LOW HITPOINT WARNING * * *
You feel your power leaking away.
You block the monstrous demonspawn's attack.
GONNNNG!
You block the monstrous demonspawn's attack.
GONNNNG!
You block the gelid warmonger's attack.
SHROANNG!
The Tzitzimitl gestures at you. The bolt of cold hits you! You resist.
* * * LOW HITPOINT WARNING * * *
The balrug gestures at you. Something smites you!
You die...

...............▓▓
.................▓▓▓
...................▓▓
....................▓▓
...1.................▓▓
.§.)..................▓▓
.......................▓
.).41.16...............▓
))4266.8................
2.6)2212................
)...)1..................
........................
......)[..............∩.
.)......................
........................
........................
..........


You could see 2 Tzitzimimeh, a monstrous demonspawn, 2 Brimstone Fiends, 2
cacodemons, a gelid warmonger, a reaper, a balrug, an Executioner, a gelid blood
saint, a gelid demonspawn, a hellwing, a tormentor and a red devil.

Vanquished Creatures
  Dissolution (Slime:4)
  the Royal Jelly (Slime:5)
  5 ancient liches
  The ghost of Orange the Axe Maniac, a legendary FoBe of the Shining One (Zig:15)
  Mara (Crypt:1)
  7 juggernauts
  28 greater mummies
  Sojobo (Crypt:3)
  2 shard shrikes (Zig:19)
  Margery (Crypt:1)
  A caustic shrike (Zig:2)
  Bai Suzhen (Crypt:1)
  4 Killer Klowns
  2 curse toes (Zot:2)
  6 pandemonium lords
  Nikola (Elf:3)
  6 bone dragons
  the Enchantress (Depths:5)
  21 golden dragons
  Jory (Crypt:3)
  A profane servitor (Zig:21)
  4 iron giants
  6 Tzitzimimeh
  3 hellephants (Abyss:3)
  4 Brimstone Fiends
  5 electric golems
  Jorgrun (Spider:3)
  17 tentacled monstrosities
  4 Hell Sentinels
  12 Ice Fiends
  Rupert (D:13)
  10 liches
  7 deep elf blademasters
  19 titans
  6 quicksilver dragons
  4 deep elf master archers
  8 Executioners
  10 tentacled starspawn
  21 sphinxes
  9 ancient champions
  35 acid blobs
  7 death cobs
  Agnes (D:14)
  4 thorn hunters
  Kirke (Lair:4)
  12 draconian monks
  Gastronok (Lair:1)
  10 shadow dragons
  8 revenants
  Donald (Crypt:1)
  Roxanne (Elf:2)
  15 storm dragons
  10 tengu reavers
  6 warmongers
  16 azure jellies
  5 blood saints
  The ghost of Banto the Severer, a journeyman MiBe of Trog (Depths:1)
  3 nagarajas (Zig:23)
  7 draconian knights
  19 ghost moths
  14 vault wardens
  A frost giant (shapeshifter) (Vaults:5)
  2 iron dragons
  21 fire giants
  4 black suns
  3 caustic shrike zombies
  Louise (Depths:4)
  15 draconian scorchers
  14 emperor scorpions
  4 curse skulls
  7 balrugs
  2 imperial myrmidons (Desolation)
  8 draconian stormcallers
  2 angels
  9 draconian shifters
  4 deep elf elementalists (Elf:3)
  8 deep elf sorcerers
  10 frost giants
  10 cacodemons
  17 reapers
  3 juggernaut zombies (Zig:24)
  15 ironheart preservers
  5 ghouls
  5 orc warlords
  8 draconian annihilators
  3 spriggan defenders (Depths:5)
  A juggernaut skeleton (Zig:19)
  11 war gargoyles
  32 very ugly things
  44 stone giants
  10 vampire knights
  8 deep elf demonologists
  15 black draconians
  14 green draconians
  7 deep elf annihilators
  10 entropy weavers
  5 lorocyprocas
  6 corrupters
  16 red draconians
  A dire elephant (shapeshifter) (Zig:4)
  10 bennus
  12 yellow draconians
  8 purple draconians
  8 dire elephants
  11 white draconians
  22 green deaths
  12 spark wasps
  12 deep elf death magi
  12 ettins
  10 blizzard demons
  6 crystal guardians
  9 eidola
  A minotaur (Lab)
  21 yaktaur captains
  14 fire dragons
  18 jiangshi
  4 quicksilver dragon zombies
  8 deep elf high priests
  23 mummy priests
  5 merfolk javelineers (Zig:23)
  19 great orbs of eyes
  11 death oozes
  7 ragged hierophants (Desolation)
  9 servants of whispers
  12 ice dragons
  2 naga warriors
  4 hell beasts
  6 rakshasas
  A monstrous demonspawn (Zig:20)
  6 centaur warriors
  39 hydras
  A quicksilver dragon skeleton (Crypt:3)
  9 peacekeepers
  2 ghost crabs
  8 spriggan air magi
  31 vault guards
  2 catoblepae (Lair:6)
  An anaconda (shapeshifter) (Zig:22)
  2 death knights
  46 two-headed ogres
  3 merfolk aquamancers (Zig:23)
  10 alligators
  19 ogre magi
  20 dancing weapons
  3 death yaks (Lair:6)
  7 deep troll shamans
  An alligator snapping turtle (Zig:23)
  19 deep troll earth magi
  An alligator (shapeshifter) (Zig:22)
  76 death scarabs
  A queen ant (Lair:6)
  15 orc high priests
  10 tengu warriors
  14 vampire magi
  A two-headed ogre (shapeshifter) (Zig:22)
  A titan zombie (Zig:24)
  5 hell hogs
  17 thrashing horrors
  6 spriggan berserkers
  6 shock serpents
  A shock serpent (shapeshifter) (Zig:22)
  25 hell knights
  Sonja (D:14)
  A soul eater (Crypt:2)
  14 spriggans
  2 storm dragon zombies
  2 sun demons
  9 wretched stars
  21 small abominations
  3 storm dragon skeletons
  21 deep elf knights
  9 shadow wraiths
  5 spatial maelstroms
  A golden dragon zombie (Vaults:5)
  6 death drakes
  2 sixfirhies
  3 iron trolls
  2 fire crabs (shapeshifter)
  40 skeletal warriors
  7 unseen horrors
  7 shadow demons
  5 spriggan druids
  2 tengu zombies (Zig:24)
  6 wizards
  45 deep trolls
  10 swamp dragons
  A naga ritualist (Zig:23)
  9 glowing orange brains
  15 flayed ghosts
  24 ironbrand convokers
  A death drake (shapeshifter) (Depths:5)
  25 deep elf archers
  21 orc knights
  18 phantasmal warriors
  2 sphinx zombies
  9 shambling mangroves
  4 lindwurms
  An obsidian statue (Abyss:1)
  3 anaconda skeletons
  6 harpies
  A golden dragon skeleton (Zig:24)
  A lindwurm (shapeshifter) (Zig:22)
  24 orb spiders
  75 deep elf magi
  A hell hog zombie (Crypt:1)
  13 necromancers
  65 ugly things
  2 shadow dragon skeletons
  A salamander (shapeshifter) (D:15)
  12 oklob plants
  4 manticores
  19 orc sorcerers
  A fire giant zombie (Crypt:2)
  A mana viper (shapeshifter) (Vaults:5)
  A cyclops (shapeshifter) (Zig:22)
  44 wolf spiders
  7 cyclopes
  3 iron dragon zombies
  12 shining eyes
  A manticore (shapeshifter) (Zig:22)
  Maurice (Orc:2)
  2 frost giant skeletons
  2 sphinx skeletons (Zig:19)
  10 rust devils
  11 elephants
  An elephant (shapeshifter) (Zig:22)
  2 worldbinders (Abyss:1)
  A moth of wrath (shapeshifter) (Vaults:2)
  Joseph (D:7)
  33 moths of wrath
  8 fire giant skeletons
  A torpor snail (shapeshifter) (Vaults:5)
  2 apocalypse crabs
  A spriggan zombie (Zig:19)
  15 guardian serpents
  A storm dragon simulacrum (Crypt:2)
  7 eyes of devastation
  12 smoke demons
  3 stone giant skeletons
  23 vault sentinels
  5 torpor snails
  A black mamba (shapeshifter) (Depths:5)
  2 naga magi
  A yaktaur zombie (Vaults:4)
  7 black mambas
  An ice statue (Zig:23)
  25 spiny frogs
  4 orange demons
  9 hellions
  6 gargoyles
  8 elf zombies
  A dire elephant skeleton (Crypt:3)
  45 yaktaurs
  A grey draconian zombie (Crypt:2)
  A rime drake (Lair:6)
  6 kobold demonologists
  15 komodo dragons
  19 demonic crawlers
  A catoblepas skeleton (Tomb:2)
  An entropy weaver simulacrum (Vaults:2)
  11 freezing wraiths
  7 hellwings
  2 efreet (Abyss:1)
  6 ice devils
  2 yaktaur skeletons
  12 tormentors
  51 guardian mummies
  2 human skeletons (Vaults:4)
  8 tengu conjurers
  A red devil (Zig:20)
  2 queen bees (shapeshifter)
  A troll (shapeshifter) (Vaults:1)
  32 large abominations
  7 ancient zymes
  Grinder (D:3)
  11 tyrant leeches
  41 jumping spiders
  A harpy zombie (D:15)
  13 trolls
  4 wind drakes (shapeshifter)
  A meliai (shapeshifter) (Abyss:1)
  A tengu simulacrum (Vaults:5)
  154 slime creatures
  11 bog bodies
  59 saltlings
  27 hornets
  A raiju (shapeshifter) (Vaults:2)
  An alligator zombie (Tomb:3)
  15 dream sheep
  2 snapping turtles (Zig:23)
  32 raiju
  A blink frog (shapeshifter) (Vaults:4)
  28 blink frogs
  An ice dragon zombie (Crypt:2)
  2 ettin zombies
  A fire dragon zombie (Depths:1)
  15 hippogriffs
  A meliai zombie (D:13)
  A redback (shapeshifter) (Vaults:2)
  A centaur simulacrum (D:15)
  A stone giant simulacrum (Crypt:2)
  42 flying skulls
  105 redbacks
  9 fire dragon skeletons (Crypt:3)
  11 shadows
  8 air elementals
  3 ettin skeletons
  An ice dragon skeleton (Crypt:2)
  4 hogs (Lair:4)
  34 tarantellas
  A human (shapeshifter) (Depths:1)
  4 wyverns
  12 water elementals
  19 yaks
  10 ynoxinuls
  13 starcursed masses
  13 wraiths
  29 ushabtiu
  A fire elemental (Elf:3)
  2 yaks (shapeshifter)
  The ghost of Banto the Changer, an amateur FeTm (D:7)
  7 fire bats
  20 humans
  3 basilisks
  8 neqoxecs
  6 hungry ghosts
  12 golden eyes
  2 steam dragons (Lair:6)
  8 spatial vortices (Abyss:3)
  A harpy simulacrum (Tomb:2)
  11 vampire mosquitoes
  34 swamp worms
  11 wargs
  7 chaos spawn
  17 insubstantial wisps
  4 acid dragons
  A swamp worm (shapeshifter) (Zig:22)
  5 nagas
  3 hell hounds (Zig:24)
  16 soldier ants
  7 porcupines
  2 floating eyes
  A merfolk zombie (Crypt:2)
  A spiny frog zombie (Crypt:2)
  59 orc warriors
  14 swamp drakes
  3 sky beasts
  10 water moccasins
  2 ice beasts
  A swamp dragon zombie (Abyss:3)
  A snapping turtle zombie (Crypt:2)
  5 black bears
  15 eyes of draining
  3 phantoms
  5 wolves
  4 necrophages
  An ogre (shapeshifter) (Vaults:1)
  23 centaurs
  52 ogres
  A blink frog skeleton (Crypt:1)
  4 elf skeletons
  A manticore skeleton (Crypt:1)
  22 boggarts
  22 crocodiles
  A big kobold (shapeshifter) (Depths:2)
  A draconian zombie (Crypt:1)
  6 big kobolds
  2 human zombies (Vaults:2)
  18 bullfrogs
  2 gnoll sergeants
  A glowing shapeshifter simulacrum (Vaults:2)
  4 earth elementals
  A cyclops zombie (Crypt:2)
  7 scorpions
  4 human simulacra
  3 spriggan skeletons
  3 killer bees (D:7)
  20 wights
  5 howler monkeys
  A polar bear skeleton (Crypt:1)
  2 electric eels
  6 crimson imps
  6 hounds
  2 bullfrog zombies
  7 quasits
  A black bear zombie (Crypt:1)
  6 centaur zombies
  10 jellies
  22 orc wizards
  43 orc priests
  4 bullfrog skeletons
  5 centaur skeletons
  4 gnoll shamans
  7 iguanas
  19 iron imps
  Jessica (D:2)
  A porcupine zombie (Crypt:2)
  A lightning spire (Zig:5)
  31 worker ants
  3 killer bee zombies
  A tengu skeleton (Tomb:1)
  55 mummies
  41 gnolls
  11 adders
  A shadow imp (Abyss:1)
  3 white imps
  2 ufetubi
  6 oozes
  An adder zombie (D:7)
  2 adder skeletons
  3 worms (Lair:2)
  3 dart slugs
  7 leopard geckos
  129 orcs
  2 ball pythons
  12 bats
  7 giant cockroaches
  9 goblins
  11 hobgoblins
  27 jackals
  8 quokkas
  A ball python zombie (Crypt:2)
  5 frilled lizards
  A goblin skeleton (Crypt:1)
  A jackal skeleton (D:4)
  32 kobolds
  A quokka zombie (Crypt:2)
  6 rats
  44 briar patches
  5 bushes
  4 crawling corpses (Elf:3)
  2 fungi
  2 lost souls (Zig:19)
  A lurking horror (Abyss:3)
  25 plants
  9 starspawn tentacles
4502 creatures vanquished.

Vanquished Creatures (collateral kills)
  2 death oozes (Slime:5)
2 creatures vanquished.

Vanquished Creatures (others)
  Asterion (Spider:4)
  A deep elf blademaster (Abyss:3)
  A deep elf master archer (Lair:4)
  A titan (Slime:1)
  A fire giant (Abyss:3)
  A stone giant (Depths:2)
  An ironheart preserver (Vaults:4)
  Nessos (D:13)
  A yellow draconian (Zot:3)
  2 merfolk javelineers (Depths:1)
  5 yaktaur captains
  A centaur warrior (D:15)
  A hell hog (Abyss:3)
  15 death scarabs
  3 deep elf knights
  A shadow wraith (Vaults:3)
  A spriggan druid (Swamp:4)
  8 deep elf archers
  A shadow dragon skeleton (Tomb:1)
  A slime creature (Swamp:1)
  A cyclops (Vaults:2)
  A worldbinder (Abyss:3)
  A kobold demonologist (Depths:2)
  13 yaktaurs
  An anaconda simulacrum (Tomb:2)
  2 hornets (Swamp:4)
  A blink frog (Zig:25)
  12 flying skulls
  4 redbacks
  An ettin skeleton (Tomb:2)
  6 humans
  A swamp worm (Swamp:1)
  A swamp drake (Swamp:1)
  4 centaurs
  An orc priest (Vaults:5)
  3 orc wizards
  3 mummies
  A gnoll (D:3)
  A briar patch (Zig:25)
  A bush (Lair:3)
  2 fungi (Lair:6)
  6 lost souls (Zig:19)
  38 plants
  12 starspawn tentacles
  49 withered plants (Crypt:3)
214 creatures vanquished.

Grand Total: 4718 creatures vanquished

Notes
Turn   | Place    | Note
-------+----------+-------------------------------------------
     0 | D:1      | Herrn the Naga Monk began the quest for the Orb.
     0 | D:1      | Reached XP level 1. HP: 21/21 MP: 1/1
    76 | D:1      | Reached XP level 2. HP: 19/28 MP: 2/2
   806 | D:2      | Reached XP level 3. HP: 34/34 MP: 3/3
   992 | D:2      | Noticed Jessica
  1374 | D:2      | Killed Jessica
  1374 | D:2      | Reached XP level 4. HP: 41/42 MP: 4/4
  2078 | D:3      | Reached XP level 5. HP: 49/49 MP: 5/5
  2181 | D:3      | Reached skill level 1 in Armour
  2355 | D:3      | Reached skill level 5 in Axes
  2892 | D:3      | Reached XP level 6. HP: 52/56 MP: 6/6
  3783 | D:2      | Reached XP level 7. HP: 31/63 MP: 7/7
  5528 | D:3      | Noticed Grinder
  5568 | D:3      | Killed Grinder
  5568 | D:3      | Reached skill level 1 in Shields
  5568 | D:3      | Reached XP level 8. HP: 57/73 MP: 8/8
  6288 | D:5      | Entered Level 5 of the Dungeon
  6674 | D:4      | Found a staircase to the Ecumenical Temple.
  6682 | Temple   | Entered the Ecumenical Temple
  7113 | D:4      | Found a sacrificial altar of Ru.
  7114 | D:4      | Found an iron altar of Okawaru.
  7118 | D:4      | Became a worshipper of Warmaster Okawaru
  7118 | D:4      | Reached * piety under Okawaru
  7118 | D:4      | Reached ** piety under Okawaru
  7343 | D:5      | Found a stormy altar of Qazlal.
  7495 | D:5      | Reached skill level 5 in Armour
  7753 | D:5      | Found Rocatimm's Gadget Shop.
  8080 | D:5      | Reached XP level 9. HP: 54/80 MP: 9/9
  8293 | D:6      | Reached skill level 5 in Fighting
  8468 | D:6      | Found a blossoming altar of Fedhas.
  8471 | D:6      | Reached *** piety under Okawaru
  9145 | D:7      | Noticed Banto's ghost (amateur FeTm)
  9343 | D:7      | Killed Banto's ghost
 10115 | D:7      | Noticed Joseph
 10140 | D:7      | Killed Joseph
 10140 | D:7      | Reached **** piety under Okawaru
 10140 | D:7      | Reached XP level 10. HP: 64/91 MP: 10/10
 10661 | D:8      | Noticed an unseen horror
 10670 | D:8      | Killed an unseen horror
 10670 | D:8      | Received a gift from Okawaru
 11054 | D:8      | Reached skill level 5 in Shields
 11164 | D:8      | Reached ***** piety under Okawaru
 11705 | D:9      | Found Loijiheg's Antique Armour Boutique.
 11727 | D:9      | Found a staircase to the Orcish Mines.
 11729 | D:9      | Noticed a two-headed ogre
 11743 | D:9      | Killed a two-headed ogre
 11743 | D:9      | Reached XP level 11. HP: 65/100 MP: 8/11
 12343 | D:9      | Found Xiymy's Antique Weapon Shop.
 12497 | D:9      | Found Pafe's Antique Weapon Emporium.
 12526 | D:9      | Found Kuibo's Book Shoppe.
 12612 | D:10     | Entered Level 10 of the Dungeon
 12618 | D:10     | Noticed a purple ugly thing
 12629 | D:10     | Killed a purple ugly thing
 12774 | D:10     | Received a gift from Okawaru
 13024 | D:10     | Found a viscous altar of Jiyva.
 13065 | D:10     | Found a staircase to the Lair.
 13117 | D:10     | Reached skill level 1 in Invocations
 13543 | D:11     | Reached skill level 10 in Axes
 13573 | D:11     | Noticed a cyclops
 13581 | D:11     | Killed a cyclops
 13625 | D:11     | Found a roughly hewn altar of Beogh.
 14375 | D:11     | Noticed a seven-headed hydra
 14391 | D:11     | Killed a seven-headed hydra
 14391 | D:11     | Received a gift from Okawaru
 14810 | D:11     | Noticed a cyan ugly thing
 14811 | D:11     | Noticed a purple ugly thing
 14826 | D:11     | Killed a purple ugly thing
 14826 | D:11     | Reached XP level 12. HP: 106/110 MP: 10/12
 14906 | D:11     | Gained mutation: Potions and wands are less effective at restoring your health. [mutagenic meat]
 14907 | D:11     | Gained mutation: You have a somewhat thin skeletal structure. (Dex +2, Stealth) [mutagenic meat]
 14908 | D:11     | Gained mutation: Your body sometimes deteriorates upon taking damage. [mutagenic meat]
 14908 | D:11     | Lost mutation: Your body sometimes deteriorates upon taking damage. [potion of cure mutation]
 14908 | D:11     | Lost mutation: Potions and wands are less effective at restoring your health. [potion of cure mutation]
 14908 | D:11     | Lost mutation: You have a somewhat thin skeletal structure. (Dex +2, Stealth) [potion of cure mutation]
 14910 | D:11     | Gained mutation: You have a pair of small antennae on your head. [mutagenic meat]
 15572 | D:12     | Noticed a death knight
 15584 | D:12     | Killed a death knight
 15584 | D:12     | Received a gift from Okawaru
 16218 | D:12     | Noticed a five-headed hydra
 16228 | D:12     | Killed a five-headed hydra
 16684 | Orc:1    | Entered Level 1 of the Orcish Mines
 17037 | Orc:1    | Noticed a two-headed ogre
 17044 | Orc:1    | Killed a two-headed ogre
 17126 | Orc:2    | Entered Level 2 of the Orcish Mines
 17155 | Orc:2    | Found a staircase to the Elven Halls.
 17257 | Orc:1    | Found a deep blue altar of Sif Muna.
 17267 | Orc:1    | Gained mutation: You can use your snake-like lower body to constrict enemies. [Naga growth]
 17267 | Orc:1    | Reached XP level 13. HP: 84/120 MP: 11/13
 17934 | Orc:2    | Reached skill level 5 in Dodging
 18640 | Orc:2    | Received a gift from Okawaru
 18666 | Orc:2    | Noticed Maurice
 18686 | Orc:2    | Killed Maurice
 19048 | Orc:2    | Reached ****** piety under Okawaru
 19321 | Orc:2    | Found a roughly hewn altar of Beogh.
 19331 | Orc:2    | Found Emeuzomm's Assorted Antiques.
 19331 | Orc:2    | Found Synix's Weapon Shop.
 19392 | Orc:2    | Found Hiusuesch's Antique Armour Shoppe.
 19392 | Orc:2    | Found Guntis's Weapon Shop.
 19725 | Lair:1   | Entered Level 1 of the Lair of Beasts
 19876 | Lair:1   | Reached skill level 15 in Axes
 19979 | Lair:1   | Received a gift from Okawaru
 19982 | Lair:1   | Got an ichor-stained cloak {god gift}
 19993 | Lair:1   | Identified the +2 cloak of Jengatic {Str+3} (Okawaru gifted it to you on level 1 of the Lair of Beasts)
 20180 | Lair:1   | Noticed Gastronok
 20193 | Lair:1   | Killed Gastronok
 20668 | Lair:2   | Found a hole to the Spider Nest.
 20962 | Lair:2   | Reached skill level 1 in Spellcasting
 21017 | Lair:2   | Learned a level 9 spell: Shatter
 21920 | Lair:3   | Reached skill level 1 in Earth Magic
 21920 | Lair:3   | Reached XP level 14. HP: 129/129 MP: 16/16
 22663 | Lair:3   | Found a staircase to the Swamp.
 22937 | Lair:4   | Noticed Kirke
 22949 | Lair:4   | Killed Kirke
 22949 | Lair:4   | Received a gift from Okawaru
 22952 | Lair:4   | Got a pair of polished gloves {god gift}
 22963 | Lair:4   | Identified the +1 pair of gloves of the Orb Guardian {rN+ Str+4 Int+4} (Okawaru gifted it to you on level 4 of the Lair of Beasts)
 22979 | Lair:4   | Learned a level 9 spell: Tornado
 23230 | Lair:4   | Reached skill level 1 in Air Magic
 23328 | Lair:4   | Got a smoking trident
 23329 | Lair:4   | Identified the cursed +0 trident of Liohe {freeze, rElec MR+} (You found it on level 4 of the Lair of Beasts)
 23800 | Lair:5   | Found a viscous altar of Jiyva.
 23800 | Lair:5   | Found a staircase to the Slime Pits.
 24449 | Lair:6   | Entered Level 6 of the Lair of Beasts
 24598 | Lair:6   | Found a deep blue altar of Sif Muna.
 24601 | Lair:6   | Found a labyrinth entrance.
 24611 | Lab      | Entered a labyrinth
 25253 | Lab      | Got an ichor-stained cloak
 25253 | Lab      | Got a shimmering jade ring
 25264 | Lab      | Identified the +0 cloak of the Pits of Slime {Int+4 SInv} (You found it in a labyrinth)
 25265 | Lab      | Identified the ring of the Dozen Deaths {MR+ Str+9} (You found it in a labyrinth)
 25279 | Lab      | Got a transparent halberd
 25346 | Lair:6   | Noticed a dire elephant
 25359 | Lair:6   | Killed a dire elephant
 25371 | Lair:6   | Received a gift from Okawaru
 25405 | Lair:6   | Got a polished plate armour {god gift}
 25416 | Lair:6   | Identified the +0 plate armour of Death's Door {rPois rF+} (Okawaru gifted it to you on level 6 of the Lair of Beasts)
 25537 | Lair:6   | Noticed a dire elephant
 25554 | Lair:6   | Killed a dire elephant
 25554 | Lair:6   | Reached XP level 15. HP: 110/138 MP: 21/21
 25691 | Lair:6   | Reached skill level 10 in Fighting
 26241 | Lair:6   | Received a gift from Okawaru
 27126 | Orc:2    | Got an encrusted war axe {god gift}
 27127 | Orc:2    | Identified the +4 war axe of Defence by Offence {drain, +Rage MR+ Int-2 Dex+6} (Okawaru gifted it to you on level 2 of the Orcish Mines)
 27816 | D:13     | Found a gate to the Vaults.
 28036 | D:13     | Noticed Nessos
 28044 | D:13     | Killed Nessos
 28410 | D:13     | Found a burning altar of Makhleb.
 28410 | D:13     | Noticed a balrug
 28419 | D:13     | Noticed Rupert
 28445 | D:13     | Reached skill level 5 in Spellcasting
 28522 | D:13     | Gained mutation: You are dopey. (Int -2) [potion of mutation]
 28522 | D:13     | Gained mutation: You occasionally shout uncontrollably at your foes. [potion of mutation]
 28523 | D:13     | Lost mutation: You have a pair of small antennae on your head. [potion of cure mutation]
 28523 | D:13     | Lost mutation: You are dopey. (Int -2) [potion of cure mutation]
 28523 | D:13     | Lost mutation: You occasionally shout uncontrollably at your foes. [potion of cure mutation]
 28623 | D:13     | Killed Rupert
 28623 | D:13     | Reached skill level 5 in Earth Magic
 28743 | D:14     | Noticed Agnes
 28753 | D:14     | Killed Agnes
 28753 | D:14     | Reached XP level 16. HP: 105/147 MP: 23/23
 28964 | D:14     | Noticed Sonja
 28991 | D:14     | Killed Sonja
 29166 | D:14     | Found a shadowy altar of Dithmenos.
 29410 | D:15     | Entered Level 15 of the Dungeon
 29426 | D:15     | Received a gift from Okawaru
 29545 | D:15     | Found a white marble altar of Elyvilon.
 29545 | D:15     | Found a runed door.
 29954 | D:15     | Found a staircase to the Depths.
 30064 | D:15     | Found Maquam's General Store.
 30475 | Spider:1 | Entered Level 1 of the Spider Nest
 31176 | Spider:1 | Received a gift from Okawaru
 31181 | Spider:1 | Reached skill level 5 in Air Magic
 32608 | Spider:1 | Received a gift from Okawaru
 32895 | Spider:2 | Reached skill level 10 in Armour
 33133 | Spider:2 | Reached XP level 17. HP: 147/157 MP: 26/26
 34170 | Spider:3 | Noticed Jorgrun
 34182 | Spider:3 | Killed Jorgrun
 34182 | Spider:3 | Received a gift from Okawaru
 34988 | Spider:4 | Entered Level 4 of the Spider Nest
 34997 | Spider:4 | Reached skill level 10 in Shields
 35377 | Spider:4 | Got a vibrating jade ring
 35378 | Spider:4 | Identified the ring of Fiof {rN+ Int+2 SInv} (You found it on level 4 of the Spider Nest)
 35459 | Spider:4 | Noticed Asterion
 35475 | Spider:4 | Killed Asterion
 35913 | Spider:4 | Reached XP level 18. HP: 133/168 MP: 28/28
 36004 | Spider:4 | Upgraded the game from 0.20-a0-309-gcba9277 to 0.20-a0-313-g10ed074
 36047 | Spider:4 | Received a gift from Okawaru
 36208 | Spider:4 | Got a gossamer rune of Zot
 36566 | Swamp:1  | Entered Level 1 of the Swamp
 39020 | Swamp:3  | Received a gift from Okawaru
 39100 | Swamp:4  | Entered Level 4 of the Swamp
 39183 | Swamp:4  | Received a gift from Okawaru
 39629 | Swamp:4  | Got a decaying rune of Zot
 39878 | Swamp:4  | Reached XP level 19. HP: 180/180 MP: 31/31
 40547 | Elf:1    | Entered Level 1 of the Elven Halls
 40576 | Elf:1    | Received a gift from Okawaru
 40612 | Elf:1    | Found Pedizea's Distillery.
 40612 | Elf:1    | Found Jaetih's Gadget Shoppe.
 40655 | Elf:1    | Found a ruined gateway.
 40659 | Desolati | Entered the Desolation of Salt
 41462 | Desolati | Got a translucent bone ring
 41463 | Desolati | Identified the ring "Fajuov" {rF+ Str+5 Int+5 SInv} (You found it in the Desolation of Salt)
 41591 | Desolati | Got a dazzling demon whip
 41702 | Desolati | Got a transparent brass ring
 41703 | Desolati | Identified the ring of Kyoskusa {rElec rC+ Str+4} (You found it in the Desolation of Salt)
 41712 | Desolati | Identified Ziurohiq's Almanac of Confrontation and the Rocks
 41998 | Desolati | Received a gift from Okawaru
 42053 | Desolati | Identified the Tome of Combat Magic
 42057 | Desolati | Got a crude golden amulet
 42058 | Desolati | Identified the amulet "Joynek" {Harm *Drain MR++ Int+4 Dex-4 SInv} (You found it in the Desolation of Salt)
 42061 | Desolati | Got a pitted iron amulet
 42062 | Desolati | Identified the amulet "Qapuskoj" {Gourm MR- Str+2 Slay+2} (You found it in the Desolation of Salt)
 42077 | Desolati | Learned a level 5 spell: Bolt of Draining
 42080 | Desolati | Learned a level 2 spell: Sublimation of Blood
 42320 | Elf:1    | Found Xopiach's Jewellery Shop.
 42646 | Elf:1    | Identified the Collected Works on the Entourage
 42745 | Elf:1    | Found a shimmering altar of Xom.
 43572 | Elf:2    | Reached XP level 20. HP: 192/192 MP: 33/33
 43580 | Elf:2    | Found a runed gate.
 43580 | Elf:2    | Found a runed gate.
 43580 | Elf:2    | Found a runed gate.
 43612 | Elf:2    | Noticed Roxanne
 43631 | Elf:2    | Killed Roxanne
 43645 | Elf:2    | Learned a level 6 spell: Statue Form
 43651 | Elf:2    | Learned a level 5 spell: Aura of Abjuration
 43653 | Elf:2    | Learned a level 1 spell: Summon Butterflies
 43851 | Elf:2    | Received a gift from Okawaru
 44562 | Elf:3    | Entered Level 3 of the Elven Halls
 44709 | Elf:3    | Reached skill level 10 in Dodging
 44904 | Elf:3    | Reached skill level 15 in Fighting
 45468 | Elf:3    | Found Doeviu's General Store.
 45476 | Elf:3    | Bought 2 potions of heal wounds for 170 gold pieces
 45629 | Elf:3    | Noticed Nikola
 45643 | Elf:3    | Killed Nikola
 46228 | Elf:3    | Received a gift from Okawaru
 47073 | Elf:3    | Reached skill level 10 in Earth Magic
 47236 | Elf:3    | Noticed a Tzitzimitl
 47242 | Elf:3    | Reached XP level 21. HP: 149/202 MP: 34/34
 47367 | Elf:3    | Identified the +15 plate armour "Uqaecan" {+Blink MR+ Int+3} (You took it off a deep elf master archer on level 3 of the Elven Halls)
 47830 | Vaults:1 | Entered Level 1 of the Vaults
 48060 | Vaults:1 | Reached skill level 10 in Spellcasting
 48072 | Vaults:1 | Received a gift from Okawaru
 48654 | Vaults:1 | Found Xifel's General Store.
 48710 | Vaults:1 | Reached skill level 10 in Air Magic
 49262 | Vaults:1 | Gained mutation: You are frail. (-10% HP) [potion of mutation]
 49262 | Vaults:1 | Gained mutation: Your tail ends in a poisonous barb. [potion of mutation]
 49262 | Vaults:1 | Gained mutation: You are dopey. (Int -2) [potion of mutation]
 49263 | Vaults:1 | Gained mutation: You possess an exceptional clarity of mind. [potion of mutation]
 49263 | Vaults:1 | Lost mutation: You are frail. (-10% HP) [potion of mutation]
 49263 | Vaults:1 | Gained mutation: You can translocate small distances at will. [potion of mutation]
 49361 | Vaults:2 | Found Edeubb's Jewellery Boutique.
 49530 | Vaults:2 | Found Nasut's Assorted Antiques.
 49693 | Vaults:2 | Found Aloedag's Gadget Shop.
 49752 | Vaults:2 | Gained mutation: You are resistant to hostile enchantments. (MR+) [potion of beneficial mutation]
 49990 | Vaults:2 | Reached XP level 22. HP: 180/216 MP: 36/36
 50014 | Vaults:2 | Received a gift from Okawaru
 50115 | Vaults:2 | Got a translucent brass ring
 50825 | Vaults:3 | Identified the ring "Syaleg" {rElec rPois rF- AC+2 Stlth+} (You found it on level 2 of the Vaults)
 50828 | Vaults:3 | Gained mutation: You are agile. (Dex +2) [potion of mutation]
 50828 | Vaults:3 | Gained mutation: Your muscles are strong. (Str +2) [potion of mutation]
 50828 | Vaults:3 | Gained mutation: Your tail ends in a sharp poisonous barb. [potion of mutation]
 50890 | Vaults:3 | Found Cesseu Kiama's Antique Armour Boutique.
 50896 | Vaults:3 | Bought a translucent plate armour for 784 gold pieces
 50902 | Vaults:3 | Identified the cursed +1 plate armour of Wonder {*Slow MR+ Dex+4} (You bought it in a shop on level 3 of the Vaults)
 50906 | Vaults:3 | Bought a distressingly furry ring mail for 252 gold pieces
 50908 | Vaults:3 | Identified the +5 ring mail "Abree" {rPois rC+++ Str-3 Int-3} (You bought it in a shop on level 3 of the Vaults)
 50912 | Vaults:3 | Bought a shimmering ring mail for 252 gold pieces
 50913 | Vaults:3 | Identified the +4 ring mail of the Country {rElec} (You bought it in a shop on level 3 of the Vaults)
 51058 | Vaults:3 | Found a staircase to the Crypt.
 51227 | Vaults:3 | Received a gift from Okawaru
 52802 | Vaults:4 | Received a gift from Okawaru
 52808 | Vaults:4 | Reached XP level 23. HP: 209/228 MP: 37/37
 53500 | Crypt:1  | Entered Level 1 of the Crypt
 53544 | Crypt:1  | Noticed Bai Suzhen
 53565 | Crypt:1  | Killed Bai Suzhen
 53567 | Crypt:1  | Noticed Margery
 53575 | Crypt:1  | Killed Margery
 53579 | Crypt:1  | Noticed Mara
 53922 | Crypt:1  | Noticed Herrn's illusion
 53949 | Crypt:1  | Killed Mara
 54005 | Crypt:1  | Noticed Donald
 54010 | Crypt:1  | Killed Donald
 54064 | Crypt:1  | Gained mutation: You are very agile. (Dex +4) [potion of beneficial mutation]
 54394 | Crypt:1  | Received a gift from Okawaru
 54911 | Crypt:3  | Entered Level 3 of the Crypt
 54958 | Crypt:3  | Identified the Almanac of Evil Intoxication
 55566 | Crypt:3  | Noticed Sojobo
 55580 | Crypt:3  | Killed Sojobo
 55698 | Crypt:3  | Noticed Jory
 55711 | Crypt:3  | Killed Jory
 55711 | Crypt:3  | Received a gift from Okawaru
 55711 | Crypt:3  | Reached XP level 24. HP: 232/241 MP: 38/38
 56113 | Crypt:3  | Found a staircase to the Tomb.
 56472 | Crypt:3  | Found an ancient bone altar of Kikubaaqudgha.
 56770 | Crypt:3  | Received a gift from Okawaru
 56788 | Crypt:3  | Noticed an ancient lich
 56796 | Crypt:3  | Killed an ancient lich
 56808 | Crypt:3  | Learned a level 3 spell: Regeneration
 56839 | Crypt:3  | Identified the Grimoire of the Dragonfly
 57454 | Depths:1 | Entered Level 1 of the Depths
 57919 | Depths:1 | Noticed Banto's ghost (journeyman MiBe)
 57939 | Depths:1 | Killed Banto's ghost
 57957 | Depths:1 | Received a gift from Okawaru
 57957 | Depths:1 | Reached skill level 15 in Shields
 58545 | Depths:1 | Found a gateway to a ziggurat.
 58704 | Depths:1 | Reached XP level 25. HP: 253/253 MP: 39/39
 59045 | Depths:1 | Found a gateway to Hell.
 59286 | Depths:2 | Found a burning altar of Makhleb.
 59298 | Depths:2 | Identified the Catalogue of the Vanishing Songs
 59306 | Depths:2 | Identified the Reference Book on Helpful Changing
 59349 | Depths:2 | Found a runed door.
 59361 | Depths:2 | Found a runed door.
 59815 | Depths:2 | Identified the Papyrus of Combat Magic
 59986 | Depths:2 | Found a one-way gate to the infinite horrors of the Abyss.
 59987 | Depths:2 | Gained mutation: Your spells are a little harder to cast, but a little more powerful. [potion of beneficial mutation]
 60000 | Depths:2 | Gained mutation: Your muscles are very strong. (Str +4) [potion of beneficial mutation]
 60265 | Depths:2 | Found a radiant altar of Vehumet.
 61232 | Depths:3 | Found a one-way gate leading to the halls of Pandemonium.
 61981 | Depths:4 | Received a gift from Okawaru
 61987 | Depths:4 | Identified the +1 war axe of Impatience {drain, Str+5} (Okawaru gifted it to you on level 4 of the Depths)
 62257 | Depths:4 | Noticed a juggernaut
 62266 | Depths:4 | Killed a juggernaut
 62395 | Depths:4 | Reached XP level 26. HP: 247/266 MP: 39/39
 62501 | Depths:4 | Noticed Louise
 62508 | Depths:4 | Killed Louise
 62668 | Depths:5 | Entered Level 5 of the Depths
 63160 | Depths:5 | Received a gift from Okawaru
 63218 | Depths:5 | Noticed the Enchantress
 63231 | Depths:5 | Killed the Enchantress
 63258 | Depths:5 | Got faerie dragon scales
 63259 | Depths:5 | Identified the +1 faerie dragon scales {rElec MR++ rCorr} (You took it off the Enchantress on level 5 of the Depths)
 63810 | Depths:5 | Found a gate to the Realm of Zot.
 65020 | Vaults:5 | Entered Level 5 of the Vaults
 65035 | Vaults:5 | Received a gift from Okawaru
 65400 | Vaults:5 | Reached XP level 27. HP: 249/277 MP: 40/40
 65415 | Vaults:5 | Received a gift from Okawaru
 65462 | Vaults:5 | Reached skill level 15 in Dodging
 66370 | Vaults:5 | Received a gift from Okawaru
 67058 | Vaults:5 | Identified Vowu's Reference Book on Enchantment and the Birds
 67193 | Vaults:5 | Got a silver rune of Zot
 67195 | Vaults:5 | Identified Jiucsugg's Incunabulum of Transmutation and Ice
 67243 | Vaults:5 | Got a crude brass amulet
 67361 | Vaults:5 | Identified Zuugrim's Disquisition on Cold and Shape Shifting
 67364 | Vaults:5 | Identified the amulet "Wuycwaam" {*Contam rN+ Regen+ Int+4} (You took it off a vault sentinel on level 5 of the Vaults)
 67473 | Vaults:5 | Identified a scroll of acquirement
 67476 | Vaults:5 | Got a slimy naga barding
 67477 | Vaults:5 | Identified the +4 naga barding of the Armoured One {MP-9 Dex+6} (You acquired it on level 5 of the Vaults)
 67544 | Vaults:5 | Identified Vehumet's Handbook of Confrontation
 67755 | Vaults:5 | Got a transparent chain mail
 67770 | Vaults:5 | Identified the +4 chain mail of the Tuna {MR+} (You took it off an orc knight on level 5 of the Vaults)
 67772 | Vaults:5 | Got a faintly glowing troll leather armour
 67773 | Vaults:5 | Identified the cursed +1 troll leather armour of Cigait {rC+ MR+ Regen+ Int+4 Dex+2} (You took it off an ironheart preserver on level 5 of the Vaults)
 68183 | Temple   | Fell from the grace of Okawaru
 68183 | Temple   | Became a worshipper of Zin the Law-Giver
 68183 | Temple   | Reached * piety under Zin
 68183 | Temple   | Reached ** piety under Zin
 68184 | Temple   | Donated 3360 gold pieces to Zin
 68201 | D:4      | Reached *** piety under Zin
 68301 | D:10     | Reached **** piety under Zin
 68445 | Depths:2 | Reached ***** piety under Zin
 68453 | Depths:2 | Voluntarily entered the Abyss.
 68526 | Abyss:1  | Found a roughly hewn altar of Beogh.
 68594 | Abyss:1  | Found a roughly hewn altar of Beogh.
 68637 | Abyss:1  | Paralysed by you for 4 turns
 68667 | Abyss:1  | Reached ****** piety under Zin
 69494 | Abyss:3  | Reached skill level 15 in Earth Magic
 69619 | Abyss:3  | Reached skill level 1 in Transmutations
 69825 | Abyss:3  | Reached skill level 1 in Necromancy
 69846 | Abyss:3  | Reached skill level 1 in Evocations
 70047 | Abyss:3  | Found a corrupted altar of Lugonu.
 70073 | Abyss:3  | Got an abyssal rune of Zot
 70329 | Depths:2 | Escaped the Abyss
 71294 | Lair:3   | Identified Kenalir's Reference Book on the Destructive Snowflakes
 71386 | Slime:1  | Entered Level 1 of the Pits of Slime
 71841 | Slime:4  | Noticed Dissolution
 71855 | Slime:4  | Killed Dissolution
 72377 | Slime:3  | Was forgiven by Okawaru
 73533 | Slime:5  | Entered Level 5 of the Pits of Slime
 73858 | Slime:5  | Paralysed by a floating eye for 4 turns
 74625 | Slime:5  | Noticed the Royal Jelly
 74640 | Slime:5  | Killed the Royal Jelly
 75092 | Slime:5  | Reached skill level 5 in Transmutations
 75130 | Slime:5  | Got a slimy rune of Zot
 75145 | Slime:5  | Got a pair of distressingly furry gloves
 75156 | Slime:5  | Identified the +2 pair of gloves "Daacsuf" {-Cast rElec rN++ Stlth+} (You acquired it on level 5 of the Pits of Slime)
 75256 | Slime:5  | Identified the Handbook of the Harmful Blaze
 75906 | Depths:2 | Fell from the grace of Zin
 75906 | Depths:2 | Became a worshipper of Vehumet
 76093 | Vaults:1 | Reached skill level 15 in Air Magic
 76347 | Tomb:1   | Entered Level 1 of the Tomb of the Ancients
 76490 | Tomb:1   | Reached skill level 5 in Necromancy
 76521 | Tomb:1   | Reached skill level 5 in Evocations
 76574 | Tomb:1   | Reached * piety under Vehumet
 76574 | Tomb:1   | Offered knowledge of Sandblast by Vehumet.
 76949 | Tomb:1   | Noticed a greater mummy
 76972 | Tomb:1   | Killed a greater mummy
 77245 | Tomb:2   | Noticed a greater mummy
 77249 | Tomb:2   | Noticed a greater mummy
 77249 | Tomb:2   | Noticed a greater mummy
 77249 | Tomb:2   | Noticed a greater mummy
 77250 | Tomb:2   | Reached skill level 15 in Spellcasting
 77253 | Tomb:2   | Offered knowledge of Throw Flame by Vehumet.
 77265 | Tomb:1   | Killed a greater mummy
 77265 | Tomb:1   | Reached ** piety under Vehumet
 77548 | Tomb:1   | Killed a greater mummy
 77849 | Tomb:1   | Killed a greater mummy
 77867 | Tomb:1   | Killed a greater mummy
 78334 | Tomb:2   | Offered knowledge of Conjure Flame by Vehumet.
 78480 | Tomb:1   | Noticed a greater mummy
 78486 | Tomb:1   | Killed a greater mummy
 78650 | Tomb:1   | Noticed a greater mummy
 78667 | Tomb:1   | Noticed a greater mummy
 78674 | Tomb:1   | Killed a greater mummy
 78674 | Tomb:1   | Reached *** piety under Vehumet
 78692 | Tomb:1   | Killed a greater mummy
 78758 | Tomb:1   | Noticed a greater mummy
 78769 | Tomb:1   | Killed a greater mummy
 78856 | Tomb:1   | Noticed a greater mummy
 78865 | Tomb:1   | Killed a greater mummy
 78873 | Tomb:1   | Noticed a greater mummy
 78890 | Tomb:1   | Killed a greater mummy
 78890 | Tomb:1   | Reached skill level 1 in Conjurations
 78890 | Tomb:1   | Reached skill level 1 in Summonings
 79077 | Tomb:1   | Identified the +3 ring mail of Beyond {*Contam rC+ Int+3} (You took it off a mummy priest on level 1 of the Tomb of the Ancients)
 79121 | Tomb:1   | Noticed a greater mummy
 79133 | Tomb:1   | Killed a greater mummy
 79169 | Tomb:1   | Noticed a greater mummy
 79173 | Tomb:1   | Noticed a greater mummy
 79178 | Tomb:1   | Killed a greater mummy
 79189 | Tomb:1   | Killed a greater mummy
 79189 | Tomb:1   | Offered knowledge of Inner Flame by Vehumet.
 79191 | Tomb:1   | Noticed a greater mummy
 79199 | Tomb:1   | Killed a greater mummy
 79268 | Tomb:1   | Noticed a greater mummy
 79275 | Tomb:1   | Killed a greater mummy
 79423 | Tomb:1   | Noticed a greater mummy
 79430 | Tomb:1   | Killed a greater mummy
 79454 | Tomb:1   | Noticed a greater mummy
 79465 | Tomb:1   | Noticed a greater mummy
 79467 | Tomb:1   | Killed a greater mummy
 79472 | Tomb:1   | Killed a greater mummy
 79772 | Tomb:3   | Entered Level 3 of the Tomb of the Ancients
 79850 | Tomb:3   | Reached **** piety under Vehumet
 79851 | Tomb:3   | Offered knowledge of Airstrike by Vehumet.
 79961 | Tomb:2   | Gained mutation: Your magical capacity is low. (-10% MP) [mutagenic glow]
 79976 | Tomb:2   | Gained mutation: You occasionally shout uncontrollably at your foes. [mutagenic glow]
 80009 | Tomb:3   | Noticed a greater mummy
 80009 | Tomb:3   | Noticed a greater mummy
 80010 | Tomb:3   | Noticed a greater mummy
 80010 | Tomb:3   | Noticed a greater mummy
 80012 | Tomb:2   | Lost mutation: You are very agile. (Dex +4) [mutagenic glow]
 80109 | Tomb:3   | Noticed a greater mummy
 80110 | Tomb:3   | Noticed a greater mummy
 80406 | Tomb:3   | Noticed a greater mummy
 80407 | Tomb:3   | Noticed a greater mummy
 80417 | Tomb:2   | Killed a greater mummy
 80713 | Tomb:3   | Noticed a greater mummy
 81044 | Tomb:2   | Killed a greater mummy
 81064 | Tomb:2   | Killed a greater mummy
 81178 | Tomb:2   | Killed a greater mummy
 81194 | Tomb:2   | Killed a greater mummy
 81512 | Tomb:2   | Killed a greater mummy
 81711 | Tomb:2   | Killed a greater mummy
 81713 | Tomb:2   | Killed a greater mummy
 82083 | Tomb:3   | Reached ***** piety under Vehumet
 82083 | Tomb:3   | Offered knowledge of Poison Arrow by Vehumet.
 82086 | Tomb:3   | Killed a greater mummy
 82272 | Tomb:3   | Reached skill level 5 in Summonings
 82276 | Tomb:3   | Reached skill level 5 in Conjurations
 82330 | Tomb:3   | Got a golden rune of Zot
 82374 | Tomb:3   | Got a bound garnet amulet
 82383 | Tomb:3   | Identified the amulet "Qukhim" {Spirit Str+3} (You found it on level 3 of the Tomb of the Ancients)
 82583 | Tomb:3   | Identified the ring of Finypacla {rPois rC+ Int+9 Dex-2 Stlth+} (You found it on level 3 of the Tomb of the Ancients)
 82789 | Tomb:3   | Identified the Reference Book on Transmutation and Dark Arts
 82797 | Tomb:3   | Learned a level 6 spell: Death Channel
 82797 | Tomb:3   | Identified the Grimoire of Flying Arcane Weapons
 83406 | Zot:1    | Entered Level 1 of the Realm of Zot
 83702 | Zot:1    | Upgraded the game from 0.20-a0-313-g10ed074 to 0.20-a0-317-gc038824
 84592 | Zot:3    | Offered knowledge of Delayed Fireball by Vehumet.
 86965 | Zot:3    | Found Mogaiga's Changing Room.
 87367 | Zot:5    | Entered Level 5 of the Realm of Zot
 87479 | Zot:4    | Offered knowledge of Conjure Ball Lightning by Vehumet.
 87850 | Zig:1    | Entered Level 1 of a ziggurat
 87870 | Zig:2    | Entered Level 2 of a ziggurat
 87890 | Zig:3    | Entered Level 3 of a ziggurat
 87917 | Zig:4    | Entered Level 4 of a ziggurat
 87952 | Zig:4    | Identified Diqetzec's Incunabulum of Congealing Calling
 87971 | Zig:4    | Got a spiked cloak
 87982 | Zig:4    | Identified the +0 cloak "Ceigix" {Str+6 Int-5 Dex+8} (You acquired it on level 4 of a ziggurat)
 88005 | Zig:5    | Entered Level 5 of a ziggurat
 88008 | Zig:5    | Noticed Zeepheigei the pandemonium lord
 88027 | Zig:5    | Killed Zeepheigei the pandemonium lord
 88246 | Zig:6    | Entered Level 6 of a ziggurat
 88252 | Zig:6    | Noticed a juggernaut
 88257 | Zig:6    | Killed a juggernaut
 88293 | Zig:7    | Entered Level 7 of a ziggurat
 88337 | Zig:7    | Got a crude copper amulet
 88340 | Zig:7    | Identified the amulet of the City {rF+ rC+ Regen+ Dex+3} (You found it on level 7 of a ziggurat)
 88478 | Zig:8    | Entered Level 8 of a ziggurat
 88515 | Zig:8    | Got a faintly glowing garnet amulet
 88516 | Zig:8    | Identified the amulet of Idealism {Gourm rElec Dex+3 Slay-3} (You found it on level 8 of a ziggurat)
 88523 | Zig:9    | Entered Level 9 of a ziggurat
 88567 | Zig:9    | Identified the Compendium of Freezing Conjuration
 88661 | Zig:10   | Entered Level 10 of a ziggurat
 88671 | Zig:10   | Noticed Afagg the pandemonium lord
 88672 | Zig:10   | Noticed Xoykuawk the pandemonium lord
 88677 | Zig:10   | Killed Afagg the pandemonium lord
 88678 | Zig:10   | Killed Xoykuawk the pandemonium lord
 88831 | Zig:11   | Entered Level 11 of a ziggurat
 88844 | Zig:11   | Offered knowledge of Delayed Fireball by Vehumet.
 88883 | Zig:12   | Entered Level 12 of a ziggurat
 88889 | Zig:12   | Paralysed by a floating eye for 3 turns
 88895 | Zig:12   | Paralysed by a floating eye for 4 turns
 88900 | Zig:12   | Paralysed by a floating eye for 3 turns
 88905 | Zig:12   | Paralysed by a floating eye for 2 turns
 88931 | Zig:13   | Entered Level 13 of a ziggurat
 88950 | Zig:13   | Reached ****** piety under Vehumet
 89011 | Zig:13   | Got a scorched cloak
 89012 | Zig:13   | Identified the +5 cloak of Kioluh {rPois rF- Str+8 Stlth-} (You found it on level 13 of a ziggurat)
 89032 | Zig:13   | Got a slimy plate armour
 89050 | Zig:13   | Identified the +10 plate armour "Atzerch" {Regen+} (You found it on level 13 of a ziggurat)
 89072 | Zig:14   | Entered Level 14 of a ziggurat
 89086 | Zig:14   | Noticed Biuloa the pandemonium lord
 89087 | Zig:14   | Offered knowledge of Bolt of Fire by Vehumet.
 89102 | Zig:14   | Killed Biuloa the pandemonium lord
 89307 | Zig:15   | Entered Level 15 of a ziggurat
 89314 | Zig:15   | Noticed Orange's ghost (legendary FoBe)
 89335 | Zig:15   | Killed Orange's ghost
 89617 | Zig:16   | Entered Level 16 of a ziggurat
 89638 | Zig:16   | Noticed a juggernaut
 89638 | Zig:16   | Noticed a juggernaut
 89638 | Zig:16   | Noticed a juggernaut
 89639 | Zig:16   | Noticed a juggernaut
 89640 | Zig:16   | Noticed a juggernaut
 89642 | Zig:16   | Killed a juggernaut
 89642 | Zig:16   | Killed a juggernaut
 89642 | Zig:16   | Killed a juggernaut
 89643 | Zig:16   | Killed a juggernaut
 89643 | Zig:16   | Killed a juggernaut
 89699 | Zig:16   | Got a bound tin ring
 89701 | Zig:16   | Identified the ring of Tauchep {rF+ rC++ SInv} (You found it on level 16 of a ziggurat)
 89705 | Zig:16   | Got a bound lapis lazuli ring
 89707 | Zig:16   | Identified the ring "Erapet" {rPois rF+ EV+3 Int-2} (You found it on level 16 of a ziggurat)
 89713 | Zig:16   | Got a warped platinum ring
 89715 | Zig:16   | Identified the ring "Nigaus" {Str+3 Int+3 Slay+2} (You found it on level 16 of a ziggurat)
 89730 | Zig:17   | Entered Level 17 of a ziggurat
 89741 | Zig:17   | Offered knowledge of Conjure Ball Lightning by Vehumet.
 89889 | Zig:18   | Entered Level 18 of a ziggurat
 89970 | Zig:18   | Identified the Guide on Freezing Transformation
 89973 | Zig:18   | Identified Iddod's Papyrus of Hexes and Unholy Rites
 89976 | Zig:19   | Entered Level 19 of a ziggurat
 90002 | Zig:19   | Offered knowledge of Freezing Cloud by Vehumet.
 90153 | Zig:19   | Identified the Grimoire of Combat Magic and Transformation
 90169 | Zig:19   | Got a fine turquoise ring
 90172 | Zig:19   | Got a bound bronze ring
 90174 | Zig:19   | Identified the ring of the Scavenger {*Corrode rPois rC+ Int+2 Dex+4} (You found it on level 19 of a ziggurat)
 90177 | Zig:19   | Identified the ring "Terghai" {Str+3 SInv} (You found it on level 19 of a ziggurat)
 90181 | Zig:19   | Identified Posabot's Disquisition on the Rocks and Flight
 90193 | Zig:20   | Entered Level 20 of a ziggurat
 90221 | Zig:20   | Noticed Zijiohe the pandemonium lord
 90222 | Zig:20   | Lost mutation: Your tail ends in a sharp poisonous barb. [a cacodemon]
 90225 | Zig:20   | Killed Zijiohe the pandemonium lord
 90226 | Zig:20   | Offered knowledge of Lehudib's Crystal Spear by Vehumet.
 90226 | Zig:20   | Offered knowledge of Glaciate by Vehumet.
 90226 | Zig:20   | Offered knowledge of Chain Lightning by Vehumet.
 90463 | Zig:20   | Got a heavily runed lead ring
 90475 | Zig:20   | Got a slimy cloak
 90478 | Zig:20   | Identified the ring "Gorelo" {-Tele +Fly rC+ Str+2 Dex+2} (You found it on level 20 of a ziggurat)
 90491 | Zig:20   | Identified the cursed +0 cloak of Valiance {Int+7 SInv} (You found it on level 20 of a ziggurat)
 90514 | Zig:21   | Entered Level 21 of a ziggurat
 90536 | Zig:21   | Noticed an ancient lich
 90540 | Zig:21   | Killed an ancient lich
 90548 | Zig:21   | Noticed an ancient lich
 90554 | Zig:21   | Killed an ancient lich
 90573 | Zig:21   | Got a shimmering lead amulet
 90577 | Zig:21   | Identified the amulet "Ziclaj" {Spirit rC+} (You found it on level 21 of a ziggurat)
 90606 | Zig:21   | Gained mutation: Your body sometimes deteriorates upon taking damage. [mutagenic glow]
 90895 | Zig:22   | Entered Level 22 of a ziggurat
 90960 | Zig:22   | Noticed an ancient lich
 90961 | Zig:22   | Noticed an ancient lich
 90963 | Zig:22   | Killed an ancient lich
 90963 | Zig:22   | Killed an ancient lich
 90989 | Zig:22   | Got a scorched zirconium amulet
 90997 | Zig:22   | Identified the amulet of Perfectionism {Gourm rC++ MR+ Dex+2} (You found it on level 22 of a ziggurat)
 91006 | Zig:22   | Got a sparkling jade ring
 91008 | Zig:22   | Identified the ring "Yhixes" {+Fly rC+ Str+3 Dex-3} (You found it on level 22 of a ziggurat)
 91012 | Zig:22   | Identified Niprimyra's Reference Book on Air
 91018 | Zig:22   | Identified the Tome of Execration
 91030 | Zig:22   | Learned a level 6 spell: Deflect Missiles
 91033 | Zig:22   | Identified the Disquisition on Quantum Transmigration
 91047 | Zig:22   | Learned a level 9 spell: Glaciate
 91066 | Zig:23   | Entered Level 23 of a ziggurat
 91107 | Zig:23   | Reached skill level 10 in Conjurations
 91144 | Zig:23   | Identified Sif Muna's Catalogue of Transformation and Execration
 91145 | Zig:23   | Identified the Reference Book on Necromancy and Venom
 91154 | Zig:23   | Lost mutation: Your muscles are very strong. (Str +4) [potion of cure mutation]
 91154 | Zig:23   | Lost mutation: Your muscles are strong. (Str +2) [potion of cure mutation]
 91154 | Zig:23   | Lost mutation: You are dopey. (Int -2) [potion of cure mutation]
 91155 | Zig:23   | Lost mutation: You possess an exceptional clarity of mind. [potion of cure mutation]
 91155 | Zig:23   | Lost mutation: You occasionally shout uncontrollably at your foes. [potion of cure mutation]
 91155 | Zig:23   | Lost mutation: You are resistant to hostile enchantments. (MR+) [potion of cure mutation]
 91155 | Zig:23   | Lost mutation: You can translocate small distances at will. [potion of cure mutation]
 91155 | Zig:23   | Lost mutation: Your tail ends in a poisonous barb. [potion of cure mutation]
 91155 | Zig:23   | Lost mutation: Your magical capacity is low. (-10% MP) [potion of cure mutation]
 91156 | Zig:23   | Lost mutation: Your spells are a little harder to cast, but a little more powerful. [potion of cure mutation]
 91156 | Zig:23   | Lost mutation: You are agile. (Dex +2) [potion of cure mutation]
 91156 | Zig:23   | Lost mutation: Your body sometimes deteriorates upon taking damage. [potion of cure mutation]
 91157 | Zig:23   | Gained mutation: You possess an exceptional clarity of mind. [potion of beneficial mutation]
 91158 | Zig:23   | Got a pitted pewter amulet
 91164 | Zig:23   | Identified the Collected Works on Mutagenic Ignition
 91183 | Zig:24   | Entered Level 24 of a ziggurat
 91216 | Zig:24   | Reached skill level 27 in Earth Magic
 91272 | Zig:24   | Got a warped ruby amulet
 91408 | Zig:25   | Entered Level 25 of a ziggurat
 91431 | Zig:25   | Reached skill level 1 in Ice Magic
 91437 | Zig:25   | Reached skill level 27 in Air Magic
 91439 | Zig:25   | Reached skill level 5 in Ice Magic
 91490 | Zig:25   | Identified the Handbook of the Mountains
 91499 | Zig:25   | Got a pair of transparent gloves
 91510 | Zig:25   | Identified the cursed -1 pair of gloves of the Eight Shrikes {rN+ MR+ rCorr Dex-4} (You found it on level 25 of a ziggurat)
 91524 | Zig:25   | Got a faintly glowing jade ring
 91528 | Zig:25   | Identified the cursed ring "Etaseemn" {rPois AC-3 Str+2} (You found it on level 25 of a ziggurat)
 91532 | Zig:25   | Got scorched swamp dragon scales
 91543 | Zig:25   | Identified the +2 swamp dragon scales of Distant Shores {rPois Stlth+} (You found it on level 25 of a ziggurat)
 91568 | Zig:25   | Identified the amulet "Agun" {Inacc +Inv rElec} (You found it on level 24 of a ziggurat)
 91570 | Zig:25   | Identified the amulet of the Garden {Inacc +Fly Str+4 Stlth+} (You found it on level 23 of a ziggurat)
 91686 | Zig:26   | Entered Level 26 of a ziggurat
 91710 | Zig:26   | Gained mutation: You expend magic power (3 MP) to strengthen your wands. [a cacodemon]
 91714 | Zig:26   | Noticed Kumma the pandemonium lord
 91719 | Zig:26   | Killed Kumma the pandemonium lord
 91726 | Zig:26   | Reached skill level 10 in Ice Magic
 91727 | Zig:26   | Reached skill level 15 in Conjurations
 91727 | Zig:26   | HP: 1/371 [hellion/damnation (34)]
 91729 | Zig:26   | Gained mutation: You are clumsy. (Dex -2) [a cacodemon]
 91731 | Zig:26   | Gained mutation: You are very clumsy. (Dex -4) [a cacodemon]
 91733 | Zig:26   | HP: 10/371 [Tzitzimitl/bolt of cold (24)]
 91733 | Zig:26   | Killed from afar by a balrug

Vault maps used:
D:1:      minmay_arrival_three_doors
D:2:      uniq_jessica
D:3:      lemuel_castle_with_subvaults, first_bread, uniq_grinder
D:4:      gammafunk_temple_overflow_statue
D:5:      serial_shops, shop, basic_altar
D:6:      fedhas_altar_fruit_tree
D:7:      uniq_joseph
D:9:      orc_0_dummy, serial_shops, kennysheep_mini, shop, shop_statue, shop
D:10:     dpeg_oklobed_lair, jiyva_altar_1
D:11:     hangedman_little_slice_of_home
D:13:     grunt_vaults_entry_tiered, makhleb_altar_promises_db, uniq_rupert,
          uniq_nessos
D:14:     nicolae_dithmenos_through_a_glass_darkly, uniq_agnes, uniq_sonja
D:15:     grunt_enter_depths_hoard, minivault_27, serial_shops, shop,
          lemuel_angel_altar
Temple:   compressed_dpeg_circular_temple
Lair:1:   uniq_gastronok
Lair:2:   nicolae_spider_entry_non_spiders, serial_bayou_lagoon_a,
          serial_bayou_shore_a
Lair:3:   beast_lair_carwin_large_2, nicolae_swamp_entry_splash_gauntlet,
          wad_woods_06, grunt_megastairs_2, minmay_lair_oklob_chamber
Lair:4:   st_stairs_7, uniq_kirke
Lair:5:   slime_altar_1, nicolae_quartered_pool_little
Lair:6:   guppyfry_lair_end_dragon, hangedman_lair_in_review, lab_entry_generic,
          basic_altar, minmay_another_anthill
Swamp:1:  evilmike_swamp_ruin_house_5, swamp_pool1
Swamp:2:  evilmike_swamp_ruin_house_3
Swamp:3:  serial_swamp_ruin, evilmike_swamp_ruin_house_6,
          evilmike_swamp_ruin_rubble_2, infiniplex_staircase_pool
Swamp:4:  swamp_alternative, swamp_pool5
Spider:1: spider_trap, spiders_nest_hornet_nest
Spider:2: spider_trap
Spider:3: uniq_jorgrun
Spider:4: grunt_spider_rune_circles, uniq_asterion
Slime:3:  cheibrodos_slime_lost_civilization_3, nicolae_slime_barrier
Slime:4:  dissolution_awaits
Orc:1:    led_sif_book
Orc:2:    st_orc_town, uniq_maurice
Elf:1:    due_chaos_kobolds, portal_desolation_entry_salt, serial_shops,
          shop_fountains, minmay_elf_demonology, minmay_misc_feat_alley,
          st_stairs_5, hex_intersection, minmay_shoptagon
Elf:2:    uniq_roxanne
Elf:3:    minmay_elf_hall_golems, serial_shops, nicolae_shop_waterfront,
          grunt_ministairs_10, minivault_14, minivault_24, uniq_nikola
Vaults:1: nicolae_vaults_circle_grid_a, hangedman_vaults_unwind, v_misc_2,
          ontoclasm_vaults_claustrophobia, grunt_vaults_trifunnel, v_misc_4,
          hangedman_vaults_stagger, ontoclasm_vaults_tryst, v_alt_pattern_2,
          nicolae_vaults_little_squares_4, vaults_room_ringed_pool,
          ontoclasm_vaults_decontamination, ontoclasm_vaults_twist,
          serial_shops, shop
Vaults:2: nicolae_vaults_fighting_squares, nicolae_vaults_what_the_h,
          ontoclasm_vaults_hangar, ontoclasm_vaults_loading_screen, v_misc_25,
          nicolae_vaults_circle_grid_a, v_misc_27,
          vaults_mumra_minichess_inversion, ontoclasm_vaults_pinch,
          nicolae_vaults_shelves_hall, serial_shops, nicolae_shop_statue_plus,
          nicolae_shop_waterfront, nicolae_shop_waterfront
Vaults:3: v_pattern_5, nicolae_vaults_quartermaster, v_rooms_2,
          nicolae_vaults_yaktaur_gun_rack, nicolae_vaults_ring_of_whatevers,
          vaults_dpeg_ring, vaults_room_stairs_pillars, vaults_mumra_minichess,
          nicolae_vaults_little_ls, nicolae_vaults_specimen_jars, serial_shops,
          shop
Vaults:4: vaults_room_grunt_arrival_ludios, ontoclasm_vaults_misaligned,
          v_misc_1, nicolae_vaults_arrows, v_rooms_1,
          nicolae_vaults_little_squares_4, vaults_standard_mumra_lines,
          grunt_vaults_twisty, vaults_room_fancy_cross,
          ontoclasm_vaults_shuriken
Vaults:5: serial_shops
Crypt:1:  uniq_mara, uniq_bai_suzhen, uniq_xtahua, uniq_margery, uniq_donald
Crypt:3:  quadcrypt_mu, uniq_sojobo, uniq_jory
Depths:1: enter_ziggurat_a, grunt_hell_entry_dis_grunt, serial_bayou,
          serial_bayou_pond_b, serial_bayou_lagoon_b, serial_bayou_pond_c,
          serial_bayou_crossing, fountainhead, feat_on_display
Depths:2: evilmike_makhleb_hellhole, abyss_entry, hell_entry,
          grunt_tower_of_power
Depths:3: minmay_distorted_concentric_squares, hell_entry,
          rand_demon_pan_entry_7
Depths:4: minmay_curly_fans, pan_entry, hangedman_coc_ice_floe, serial_sigils,
          serial_sigils_hangedman_shear, serial_sigils_hangedman_leer,
          serial_sigils_hangedman_scar, serial_sigils_hangedman_clutch,
          roderic_lattice_a, nicolae_abyss_entry_one_way_or_another
Depths:5: grunt_zot_entry_bicorn, grunt_decor_arrowhead, lightli_too_deep,
          uniq_enchantress
Zot:3:    grunt_twist_and_shout, bh_zot_lava_cross,
          hangedman_zot_decor_scrapings, nicolae_transmutations_shop
Zot:5:    st_stairs_10
Abyss:3:  minivault_28, bh_silent_lugonu_exit
Zig:6:    ziggurat_pillar_centre_dead_trees
Zig:9:    ziggurat_pillar_centre_oklobs
Zig:12:   ziggurat_pillar_centre_c
Zig:19:   ziggurat_pillar_centre_drop
Zig:20:   ziggurat_pillar_centre_smoke
Zig:25:   ziggurat_pillar_centre_more_plants
Lab:      labyrinth_mini_lab

Skill      XL: |  1  2  3  4  5  6  7  8  9 10 11 12 13 14 15 16 17 18 19 20 21 22 23 24 25 26 27 |
---------------+----------------------------------------------------------------------------------+-----
Axes           | 4 5 6 7 8 9 11 13 15 16 17 18 | 18.2
Armour         | 1 2 3 5 6 7 8 9 10 11 12 13 | 13.0
Dodging        | 3 4 5 6 7 8 9 10 11 12 13 14 17 | 17.1
Fighting       | 4 6 7 8 9 10 11 12 13 14 15 16 18 19 20 21 24 | 24.3
Shields        | 1 2 3 5 6 7 8 9 10 11 12 13 14 15 16 18 | 18.0
Invocations    | 1 |  1.5
Spellcasting   | 1 4 5 6 7 8 9 10 11 12 13 18 | 18.5
Earth Magic    | 1 3 5 6 7 8 9 10 11 12 13 14 27 | 27.0
Air Magic      | 2 4 5 6 7 8 9 10 11 12 13 27 | 27.0
Transmutations | 5 |  5.0
Necromancy     | 6 |  6.1
Evocations     | 9 |  9.0
Conjurations   | 15 | 15.0
Summonings     | 6 |  6.0
Ice Magic      | 10 | 10.4
Stealth        | |  3.0

Action                   |  1- 3 |  4- 6 |  7- 9 | 10-12 | 13-15 | 16-18 | 19-21 | 22-24 | 25-27 || total
-------------------------+-------+-------+-------+-------+-------+-------+-------+-------+-------++-------
Melee: Hand axe          |    44 |   161 |   161 |       |       |       |       |       |       ||   366
       Whip              |       |       |   350 |   385 |       |       |       |       |       ||   735
       Morningstar       |       |       |    19 |    26 |    29 |       |       |       |       ||    74
       Broad axe         |       |       |       |   475 |   971 |  1029 |  1290 |  1490 |  4121 ||  9376
       Constrict         |       |       |       |       |   190 |   213 |   267 |   244 |   626 ||  1540
       Trident           |       |       |       |       |     7 |       |       |       |       ||     7
       War axe           |       |       |       |       |       |   257 |    65 |       |       ||   322
       Tailslap          |       |       |       |       |       |       |    54 |   409 |  1153 ||  1616
 Cast: Shatter           |       |       |       |       |       |       |       |       |   126 ||   126
       Statue Form       |       |       |       |       |       |       |       |       |    53 ||    53
       Tornado           |       |       |       |       |       |       |       |       |    36 ||    36
       Regeneration      |       |       |       |       |       |       |       |       |     1 ||     1
       Aura of Abjuratio |       |       |       |       |       |       |       |       |     1 ||     1
Invok: Heroism           |       |       |     4 |    13 |    11 |     5 |     6 |     4 |     3 ||    46
       Donate Gold       |       |       |       |       |       |       |       |       |     1 ||     1
 Abil: Spit Poison       |    27 |    67 |    87 |     9 |     1 |     1 |       |       |       ||   192
       End Transformatio |       |       |       |       |       |       |       |       |     8 ||     8
Evoke: Wand              |       |       |       |       |     2 |       |       |       |     9 ||    11
       Figurine of a zig |       |       |       |       |       |       |       |       |     1 ||     1
  Use: Scroll            |     1 |       |     5 |    23 |    12 |     5 |    14 |    18 |    58 ||   136
       Potion            |       |       |     1 |     4 |     8 |     1 |     3 |     8 |    37 ||    62
 Stab: Held in net/web   |       |       |     1 |       |       |       |       |       |       ||     1
       Confused          |       |       |       |       |       |     2 |       |       |     2 ||     4
       Distracted        |       |       |       |       |       |       |     1 |       |    17 ||    18
       Sleeping          |       |       |       |       |       |       |       |       |     3 ||     3
  Eat: Chunk             |     2 |    10 |    21 |    26 |    32 |    28 |    20 |    12 |    29 ||   180
       Pizza             |       |       |       |     1 |       |     2 |     4 |     2 |     4 ||    13
       Beef jerky        |       |       |       |       |       |     1 |     2 |     8 |     6 ||    17
       Fruit             |       |       |       |       |       |       |       |       |     9 ||     9
       Royal jelly       |       |       |       |       |       |       |       |       |     2 ||     2
       Bread ration      |       |       |       |       |       |       |       |       |    13 ||    13
       Meat ration       |       |       |       |       |       |       |       |       |     7 ||     7
Armor: Chain mail        |    76 |   101 |   272 |   248 |       |       |       |       |       ||   697
       Plate armour      |       |       |       |   239 |   490 |   593 |   345 |   417 |   172 ||  2256
       Acid dragon scale |       |       |       |       |       |       |       |       |   940 ||   940
       Skin              |       |       |       |       |       |       |       |       |   383 ||   383
Dodge: Dodged            |    25 |    47 |    94 |   120 |   123 |   245 |   181 |   238 |  2297 ||  3370
Block: Other             |    15 |    32 |       |       |       |       |       |       |       ||    47
       Reflection        |       |     1 |     1 |    16 |    16 |    33 |   111 |   126 |   152 ||   456
       Buckler           |       |       |   204 |   379 |   517 |       |       |       |       ||  1100
       Shield            |       |       |       |       |    24 |  1397 |   988 |  1279 |  4538 ||  8226
